 Dungeon Crawl Stone Soup version 0.22-b1-21-g5cfc168 (webtiles) character file.

30783 inmateoo the Bludgeoner (level 13, -1/105 HPs)
             Began as a Human Fighter on Aug 4, 2018.
             Was a High Priest of Okawaru.
             Killed from afar by a rakshasa (illusionary) (15 damage)
             ... with an orb of energy
             ... on level 14 of the Dungeon.
             The game lasted 00:24:35 (18508 turns).

inmateoo the Bludgeoner (Human Fighter)            Turns: 18508, Time: 00:24:35

Health: -1/105     AC: 23    Str: 29    XL:     13   Next: 91%
Magic:  15/15      EV:  6    Int:  8    God:    Okawaru [*****.]
Gold:   771        SH: 12    Dex: 14    Spells: 12/12 levels left

rFire    . . .     SeeInvis +   q - +1 morningstar
rCold    . . .     Gourm    +   c - +0 shield
rNeg     . . .     Faith    .   E - +2 plate armour
rPois    +         Spirit   .   x - +0 helmet
rElec    .         Reflect  .   w - +1 cloak {MR+}
rCorr    .         Harm     .   G - +1 pair of gloves {Str+3}
MR       +....                  r - +1 pair of boots
Stlth    ..........             M - amulet of the gourmand
HPRegen  0.27/turn              j - ring of see invisible
MPRegen  0.14/turn              C - ring "Orhaoram" {rPois Str+5}

@: no status effects
A: no striking features
a: Heroism, Finesse, Renounce Religion


You were on level 14 of the Dungeon.
You worshipped Okawaru.
Okawaru was extremely pleased with you.
You were not hungry.

You visited 3 branches of the dungeon, and saw 16 of its levels.
You also visited: Ossuary.

You collected 989 gold pieces.
You spent 218 gold pieces at shops.

Inventory:

Hand Weapons
 q - a +1 morningstar (weapon)
Armour
 c - a +0 shield (worn)
 r - a +1 pair of boots (worn)
 w - a +1 cloak of magic resistance (worn)
 x - a +0 helmet (worn)
 E - a +2 plate armour (worn)
 G - a +1 pair of gloves of strength (worn)
Jewellery
 a - an uncursed ring of fire
 j - a ring of see invisible (left hand)
 l - an uncursed ring of resist corrosion
 C - the ring "Orhaoram" (right hand) {rPois Str+5}
   (You found it on level 8 of the Dungeon)

   [ring of strength]

   It affects your strength (+5).
   It protects you from poison.
 M - an amulet of the gourmand (around neck)
Wands
 e - a wand of acid (6)
 y - a wand of paralysis (13)
 A - a wand of enslavement (11)
 N - a wand of iceblast (5)
Scrolls
 d - 2 scrolls of magic mapping
 h - 7 scrolls of remove curse
 k - 6 scrolls of teleportation
 m - 4 scrolls of fog
 n - 3 scrolls of amnesia
 u - a scroll of enchant armour
 v - 2 scrolls of blinking
 F - a scroll of enchant weapon
Potions
 b - 4 potions of brilliance
 g - 8 potions of curing
 i - 2 potions of flight
 o - 2 potions of agility
 p - a potion of might
 s - 5 potions of heal wounds
 t - a potion of resistance
 z - a potion of mutation
 B - a potion of ambrosia
 D - a potion of lignification
 H - a potion of cancellation
 J - a potion of invisibility
 K - a potion of magic
Miscellaneous
 I - a sack of spiders
Comestibles
 f - 13 rations


   Skills:
 + Level 10.8 Fighting
 * Level 16.6 Maces & Flails
 + Level 7.7 Armour
 + Level 7.7 Shields
 + Level 3.6 Invocations


You had 12 spell levels left.
You didn't know any spells.
Your spell library contained the following spells:

 Spells                   Type           Power        Failure   Level  Hunger
 Slow                     Hex            #.......     100%        2    ###....
 Throw Frost              Conj/Ice       #.....       100%        2    ###....
 Freeze                   Ice            #...         100%        1    ##.....
 Summon Ice Beast         Ice/Summ       #.......     100%        4    #####..
 Ozocubu's Armour         Chrm/Ice       #.......     100%        3    ####...
 Regeneration             Chrm/Necr      #.........   100%        3    ####...
 Spider Form              Tmut/Pois      #.........   100%        3    ####...
 Blade Hands              Tmut           #.........   100%        5    ######.
 Ice Form                 Ice/Tmut       #.......     100%        4    #####..
 Throw Icicle             Conj/Ice       #.......     100%        4    #####..
 Sticks to Snakes         Tmut           #.......     100%        2    ###....
 Ensorcelled Hibernation  Hex/Ice        #.....       100%        2    ###....
 Darkness                 Hex            #.........   100%        6    #######
 Beastly Appendage        Tmut           #.....       100%        1    ##.....
 Borgnjor's Vile Clutch   Necr/Erth      #.........   100%        5    ######.


Dungeon Overview and Level Annotations

Branches:
Dungeon (14/15)            Temple (1/1) D:5            Lair (0/6) D:8
    Orc (1/2) D:10         Vaults (0/5) D:13

Altars:
Ashenzari
Cheibriados
Dithmenos
Elyvilon
Fedhas
Gozag
Hepliaklqana
Kikubaaqudgha
Makhleb
Nemelex Xobeh
Okawaru
Qazlal
Ru
Sif Muna
Trog
Uskayaw
Vehumet
Wu Jian
Xom
Yredelemnul
Zin
The Shining One
Beogh

Shops:
D:12 *

Annotations:
D:11 Kirke
D:14 Louise, Rupert


Message History

You closely miss the rakshasa.
The rakshasa is heavily wounded.
The rakshasa blinks!
You block the rakshasa's attack.
Unknown command.
You sock the rakshasa!
The rakshasa is severely wounded.
Unknown command.
You closely miss the rakshasa.
The rakshasa is severely wounded.
The rakshasa hits you with a morningstar.
* * * LOW HITPOINT WARNING * * *
Unknown command.
You barely miss the rakshasa.
The rakshasa is severely wounded.
Unknown command.
You miss the rakshasa.
The rakshasa is severely wounded.
The rakshasa gestures at you. The orb of energy hits you!
You die... # # #..## .# #####..# #..# #.# Wl.ccC#

#..## #.#
#####c....
#...#### #.#
###
#.#(...###.#
#.####..##.#
##.# ##....#
#..# ###..#
#@## #..#
#R# #..# #R#
##†# #..#
#.# ...##
#.# #...
#)## #..>
#))# #..#
#.)### #..
#....#


You could see 2 rakshasas.

Vanquished Creatures
  Harold (D:8)
  A vault guard (D:13)
  Erica (D:8)
  2 centaur warriors
  3 two-headed ogres
  The ghost of Ellum the Pure, a novice DsAK of Lugonu (D:5)
  11 ugly things
  A cyclops (D:13)
  A manticore (D:11)
  3 centaur zombies
  Maurice (D:8)
  3 gargoyles
  A freezing wraith (D:14)
  5 trolls
  2 hippogriffs
  3 hogs
  A wraith (D:10)
  A shadow (D:11)
  10 yaks (D:12)
  4 wyverns
  A human (D:9)
  3 vampire mosquitoes (D:14)
  2 steam dragons
  Grum (D:8)
  Menkaure (D:4)
  3 hungry ghosts
  2 wargs
  2 water moccasins
  2 ice beasts
  8 sky beasts
  9 orc warriors
  3 phantoms
  2 black bears
  8 ogres
  An eye of draining (D:13)
  2 wolves (D:8)
  7 centaurs
  A crocodile (D:9)
  5 big kobolds
  10 bullfrogs
  An elf zombie (Ossuary)
  A wyvern zombie (D:12)
  5 gnoll sergeants
  2 scorpions
  4 killer bees (D:6)
  4 wights (D:6)
  5 crimson imps
  5 howler monkeys
  A quasit (D:9)
  3 orc priests
  7 jellies
  3 hounds
  2 centaur skeletons
  An iron imp (D:9)
  10 orc wizards
  4 bullfrog skeletons
  12 worker ants
  4 iguanas
  3 hound zombies (Ossuary)
  A hound skeleton (D:7)
  4 mummies (Ossuary)
  6 adders
  10 gnolls
  A shadow imp (D:13)
  3 oozes
  An adder zombie (Ossuary)
  2 adder skeletons
  2 worms
  3 dart slugs
  8 leopard geckos
  37 orcs
  4 bats
  6 giant cockroaches
  2 gnoll zombies (Ossuary)
  16 goblins
  11 hobgoblins
  7 jackals
  4 quokkas
  5 frilled lizards
  A hobgoblin zombie (Ossuary)
  A jackal skeleton (D:5)
  A jackal zombie (D:5)
  11 kobolds
  2 orc zombies (Ossuary)
  2 quokka skeletons (D:5)
  2 quokka zombies
  5 rats
  2 rat zombies (Ossuary)
366 creatures vanquished.

Notes
Turn   | Place    | Note
-------+----------+-------------------------------------------
     0 | D:1      | inmateoo the Human Fighter began the quest for the Orb.
     0 | D:1      | Reached XP level 1. HP: 18/18 MP: 1/1
   301 | D:1      | Reached XP level 2. HP: 24/24 MP: 2/2
   598 | D:1      | Reached XP level 3. HP: 15/29 MP: 3/3
  1133 | D:2      | Found a shadowy altar of Dithmenos.
  1491 | D:2      | Reached skill level 3 in Maces & Flails
  1491 | D:2      | Reached XP level 4. HP: 29/35 MP: 4/4
  1843 | D:3      | Found an opulent altar of Gozag.
  2382 | D:3      | Reached XP level 5. HP: 41/41 MP: 5/5
  2461 | D:4      | Noticed Menkaure
  2466 | D:4      | Killed Menkaure
  2466 | D:4      | Reached skill level 4 in Maces & Flails
  2466 | D:4      | Reached XP level 6. HP: 35/48 MP: 6/6
  2510 | D:4      | Found a sand-covered staircase.
  2702 | Ossuary  | Entered an ossuary
  2771 | Ossuary  | Reached skill level 5 in Maces & Flails
  2771 | Ossuary  | Reached XP level 7. HP: 10/55 MP: 7/7
  3448 | D:4      | Reached skill level 5 in Fighting
  3448 | D:4      | Reached skill level 6 in Maces & Flails
  3550 | D:4      | Reached XP level 8. HP: 62/62 MP: 8/8
  3714 | D:4      | Found a deep blue altar of Sif Muna.
  3784 | D:5      | Entered Level 5 of the Dungeon
  3958 | D:5      | Reached skill level 7 in Maces & Flails
  4509 | D:5      | Found a shimmering altar of Xom.
  4655 | D:5      | Reached skill level 8 in Maces & Flails
  4655 | D:5      | Reached XP level 9. HP: 39/69 MP: 9/9
  5366 | D:5      | Found a staircase to the Ecumenical Temple.
  5479 | Temple   | Entered the Ecumenical Temple
  5903 | D:6      | Reached skill level 9 in Maces & Flails
  6988 | D:6      | Reached skill level 10 in Maces & Flails
  7109 | D:6      | Reached XP level 10. HP: 65/80 MP: 10/10
  7338 | D:6      | Found a runed gate.
  7339 | D:6      | Found a runed gate.
  7339 | D:6      | Found a runed gate.
  7341 | D:6      | Noticed Ellum's ghost (novice DsAK)
  7365 | D:6      | Found a roughly hewn altar of Beogh.
  7459 | D:5      | Killed Ellum's ghost
  7549 | D:5      | Reached skill level 11 in Maces & Flails
  9079 | D:7      | Found an iron altar of Okawaru.
  9088 | D:7      | Became a worshipper of Warmaster Okawaru
  9152 | D:7      | Found a stormy altar of Qazlal.
  9154 | D:7      | Found a blossoming altar of Fedhas.
  9380 | D:7      | Found a hazy altar of Hepliaklqana.
  9386 | D:7      | Reached skill level 14 in Maces & Flails
  9386 | D:7      | Reached XP level 11. HP: 87/87 MP: 11/11
  9533 | D:8      | Noticed Maurice
  9549 | D:8      | Killed Maurice
  9573 | D:8      | Identified Sif Muna's Guide on Bewitchment and Evil
  9607 | D:8      | Noticed Erica
  9621 | D:8      | Killed Erica
  9621 | D:8      | Reached * piety under Okawaru
  9920 | D:8      | Noticed Grum
  9944 | D:8      | Killed Grum
  9972 | D:8      | Got a vibrating marble ring
  9976 | D:8      | Noticed Harold
 10003 | D:8      | Killed Harold
 10003 | D:8      | Reached ** piety under Okawaru
 10011 | D:8      | Reached XP level 12. HP: 50/95 MP: 12/12
 10014 | D:8      | Got a smoking short sword {pierce}
 10071 | D:7      | Identified the ring "Orhaoram" {rPois Str+5} (You found it on level 8 of the Dungeon)
 10079 | D:7      | Identified the cursed +1 short sword "Goblinslayer" {pierce, Str+2 Dex+3} (You took it off an orc warrior on level 8 of the Dungeon)
 10229 | D:8      | Reached skill level 15 in Maces & Flails
 10510 | D:8      | Found a staircase to the Lair.
 10719 | D:9      | Reached skill level 5 in Armour
 10719 | D:9      | Reached skill level 5 in Shields
 10790 | D:9      | Noticed a two-headed ogre
 10943 | D:9      | Found an ornate altar of the Wu Jian Council.
 10977 | D:9      | Killed a two-headed ogre
 11368 | D:9      | Found a snail-covered altar of Cheibriados.
 11471 | D:10     | Entered Level 10 of the Dungeon
 11481 | D:10     | Reached *** piety under Okawaru
 11823 | D:10     | Found a staircase to the Orcish Mines.
 13394 | D:11     | Reached **** piety under Okawaru
 13617 | D:12     | Noticed Kirke
 13814 | D:12     | Noticed a two-headed ogre
 14229 | Orc:1    | Entered Level 1 of the Orcish Mines
 14271 | D:10     | Reached skill level 10 in Fighting
 14845 | D:12     | Killed a two-headed ogre
 14845 | D:12     | Reached XP level 13. HP: 88/103 MP: 13/13
 15105 | D:12     | Reached skill level 16 in Maces & Flails
 15475 | D:12     | Reached ***** piety under Okawaru
 15577 | D:12     | Found Ajuobets's Assorted Antiques.
 15585 | D:12     | Bought a pink potion for 25 gold pieces
 15585 | D:12     | Bought a scroll of teleportation for 84 gold pieces
 15585 | D:12     | Bought a potion of curing for 84 gold pieces
 15585 | D:12     | Bought a fizzy purple potion for 25 gold pieces
 15947 | D:12     | Reached skill level 1 in Invocations
 16653 | D:13     | Found a gate to the Vaults.
 16653 | D:13     | Noticed a seven-headed hydra
 16653 | D:13     | Noticed a vault guard
 16653 | D:13     | Noticed a vault guard
 16653 | D:13     | Noticed a vault guard
 16653 | D:13     | Noticed a vault guard
 16679 | D:13     | Noticed a centaur warrior
 16687 | D:13     | Killed a vault guard
 16695 | D:13     | Killed a centaur warrior
 17493 | D:14     | Noticed Louise
 17506 | D:14     | Noticed Rupert
 17508 | D:14     | Noticed a centaur warrior
 17911 | D:14     | Noticed a centaur warrior
 17931 | D:14     | Killed a centaur warrior
 18477 | D:14     | Noticed a rakshasa
 18508 | D:14     | Killed from afar by a rakshasa (illusionary)

Skill      XL: |  1  2  3  4  5  6  7  8  9 10 11 12 13 |
---------------+----------------------------------------+-----
Maces & Flails | 3 4 5 6 8 10 14 15 16 | 16.6
Fighting       | 4 5 6 7 8 9 10 | 10.8
Armour         | 4 6 7 |  7.7
Shields        | 4 6 7 |  7.7
Invocations    | 3 |  3.6

Action                   |  1- 3 |  4- 6 |  7- 9 | 10-12 | 13-15 || total
-------------------------+-------+-------+-------+-------+-------++-------
Melee: Flail             |   151 |   168 |   491 |       |       ||   810
       Morningstar       |       |       |       |   764 |   382 ||  1146
Invok: Heroism           |       |       |       |     3 |     5 ||     8
Evoke: Sack of spiders   |       |       |       |       |     1 ||     1
  Use: Scroll            |     1 |     7 |     7 |     7 |     8 ||    30
       Potion            |       |     3 |     3 |     1 |     2 ||     9
 Stab: Distracted        |       |       |       |       |     2 ||     2
  Eat: Chunk             |     2 |     4 |     6 |    14 |    12 ||    38
       Ration            |       |       |     4 |     5 |     2 ||    11
Armor: Chain mail        |    69 |   147 |   197 |   135 |       ||   548
       Skin              |       |       |    29 |       |       ||    29
       Plate armour      |       |       |       |   250 |   163 ||   413
Dodge: Dodged            |    23 |    44 |    79 |   152 |    55 ||   353
Block: Shield            |    76 |   115 |   180 |   355 |   153 ||   879
